 Dungeon Crawl Stone Soup version 0.29-a0-304-gb34f9e1 (webtiles) character file.

Game seed: 17591253795771453480

245 Think the Cudgeller (level 5, -6/45 HPs)
             Began as a Minotaur Fighter on Mar 25, 2022.
             Mangled by an ogre
             ... wielding a +0 giant club
              (13 damage)
             ... on level 4 of the Dungeon.
             The game lasted 00:05:01 (2477 turns).

Think the Cudgeller (Minotaur Fighter)              Turns: 2477, Time: 00:05:01

Health: -6/45      AC:  6    Str: 22    XL:     5   Next: 83%
Magic:  4/4        EV:  9    Int:  5    God:
Gold:   121        SH:  0    Dex: 16    Spells: 4/4 levels left

rFire   . . .      SeeInvis .   a - +0 war axe
rCold   . . .      Faith    .   w - orb {light}
rNeg    . . .      Spirit   .   b - +0 scale mail
rPois   .          Reflect  .   (helmet restricted)
rElec   .          Harm     .   (no cloak)
rCorr   .          Rampage  .   (no gloves)
Will    .....                   (no boots)
Stlth   ..........              (no amulet)
HPRegen 0.15/turn               f - +6 ring of dexterity
MPRegen 0.09/turn               (no ring)

@: mighty, glowing
A: horns 2, retaliatory headbutt
a: no special abilities


You were on level 4 of the Dungeon.
You visited 1 branch of the dungeon, and saw 4 of its levels.

You collected 121 gold pieces.

Inventory:

Hand Weapons
 a - a +0 war axe (weapon)
 g - a +2 dagger of pain
Missiles
 m - a throwing net (quivered)
Armour
 b - a +0 scale mail (worn)
 c - a +0 buckler
 v - a +2 robe of willpower
 w - an orb of light (worn)
Jewellery
 f - a +6 ring of dexterity (left hand)
 p - a +4 ring of protection
Scrolls
 e - a scroll of noise {unknown}
 h - a scroll of magic mapping {unknown}
 i - a scroll of vulnerability {unknown}
 j - a scroll of fear {unknown}
 l - 2 scrolls of teleportation {unknown}
 n - a scroll of enchant armour {unknown}
 o - 2 scrolls of identify {unknown}
 u - a scroll of blinking {unknown}
Potions
 d - a potion of might
 k - a potion of heal wounds {unknown}
 q - a potion of brilliance {unknown}
 r - a potion of resistance {unknown}
 s - a potion of lignification {unknown}
 t - a potion of berserk rage {unknown}


   Skills:
 - Level 3.6 Fighting
 - Level 2.4(5.0) Axes
 + Level 6.9(7.2) Maces & Flails
 - Level 3.6 Armour
 - Level 3.6 Shields


You had 4 spell levels left.
You didn't know any spells.
Your spell library contained the following spells:

 Spells                   Type           Power      Damage    Failure   Level
 Animate Skeleton         Necr           0%         N/A       80%         1
 Beastly Appendage        Tmut           0%         N/A       80%         1
 Pain                     Necr           0%         1d4       80%         1
 Wereblood                Tmut           0%         N/A       90%         2
 Spider Form              Tmut/Pois      0%         N/A       99%         3
 Vampiric Draining        Necr           0%         2d6       99%         3


Dungeon Overview and Level Annotations

Branches:
Dungeon (4/15)
 Temple: D:4-7

Altars:
Elyvilon


Innate Abilities, Weirdness & Mutations

You have a pair of horns on your head.
You reflexively headbutt those who attack you in melee.


Message History

The goblin shouts!
You hear a shout!
You hear an angry hiss.
An ogre comes into view. It is wielding a +0 giant club.
Found an escape hatch in the ceiling.
The ogre shouts!
You barely miss the ufetubus. The ufetubus hits you. x2
The ufetubus hits you but does no damage.
The ufetubus hits you.
You slash the ufetubus!
You kill the ufetubus!
A ball python comes into view.
The ball python hisses angrily.
The goblin hits you with a +0 club.
You hit the goblin.
You kill the goblin!
The ogre hits you with a +0 giant club!
You are too injured to fight recklessly!
You are too injured to fight recklessly!
You are too injured to fight recklessly!
You are too injured to fight recklessly!
You are too injured to fight recklessly!
You are too injured to fight recklessly!
You are too injured to fight recklessly!
You are too injured to fight recklessly!
You are too injured to fight recklessly!
You are too injured to fight recklessly!
You are too injured to fight recklessly!
You are too injured to fight recklessly!
The ball python barely misses you. The ball python completely misses you.
There is a stone staircase leading down here.
The ball python attacks as you move away!
The ball python bites you but does no damage.
The ball python barely misses you. The ogre attacks as you move away!
The ogre hits you with a +0 giant club!
* * * LOW HITPOINT WARNING * * *
You feel very mighty all of a sudden. The ball python barely misses you.
You furiously retaliate!
You headbutt the ball python!
You kill the ball python!
The ogre hits you with a +0 giant club!
You die...

#.# #### #.# #. ... #.#
####.######..### #.#
...............# #.#
...............# #.#
...............# #.#
...............# #.#
.....$....@....# #.#
....[....>O....# #.#
................### #.#
................... #.#
.......$........##########.#
..........................#
##.......$.....############
#.............#
#............[#


You could see an ogre.

Vanquished Creatures
  An ice beast (D:3)
  Jessica (D:3)
  Terence (D:3)
  4 adders
  An ufetubus (D:4)
  A worm (D:3)
  3 dart slugs
  An orc (D:3)
  7 ball pythons
  3 endoplasms
  2 giant cockroaches (D:2)
  2 goblins
  6 hobgoblins
  5 kobolds
  2 quokkas
  4 bats
  5 frilled lizards
  10 rats
59 creatures vanquished.

Notes
Turn   | Place    | Note
-------+----------+-------------------------------------------
     0 | D:1      | Think the Minotaur Fighter began the quest for the Orb.
     0 | D:1      | Reached XP level 1. HP: 19/19 MP: 0/0
    27 | D:1      | Reached skill level 1 in Maces & Flails
   140 | D:1      | Reached skill level 2 in Maces & Flails
   140 | D:1      | Reached XP level 2. HP: 26/26 MP: 1/1
   541 | D:1      | Reached skill level 3 in Maces & Flails
  1044 | D:2      | Reached XP level 3. HP: 27/31 MP: 2/2
  1457 | D:3      | Reached skill level 4 in Maces & Flails
  1467 | D:3      | Noticed Terence
  1477 | D:3      | Killed Terence
  1478 | D:3      | Reached XP level 4. HP: 19/39 MP: 3/3
  1713 | D:3      | Found a white marble altar of Elyvilon.
  1776 | D:3      | Reached skill level 5 in Maces & Flails
  1839 | D:3      | Noticed Jessica
  1871 | D:3      | Killed Jessica
  2107 | D:3      | Reached XP level 5. HP: 44/45 MP: 4/4
  2169 | D:3      | Noticed an ice beast
  2173 | D:3      | Killed an ice beast
  2174 | D:3      | Reached skill level 6 in Maces & Flails
  2461 | D:4      | Noticed an ogre
  2477 | D:4      | Mangled by an ogre

Illustrated notes

Levels and vault maps discovered:
D:1:      kennysheep_arrival_seaside, layout_basic
D:2:      layout_loops_ring
D:3:      layout_basic, elyvilon_altar_3, uniq_terence, uniq_jessica
D:4:      layout_basic, nzn_hepliaklqana_mist_gate,
          mainiacjoe_overflow_cross_hatched,
          minmay_temple_entry_statues_pillars, uniq_duvessa

Skill      XL: |  1  2  3  4  5 |
---------------+----------------+-----
Maces & Flails | 2 3 4 5 6 |  6.9
Fighting       | |  3.6
Axes           | |  2.4
Armour         | |  3.6
Shields        | |  3.6

Action                   |  1- 3 |  4- 6 || total
-------------------------+-------+-------++-------
Melee: War axe           |    69 |    36 ||   105
       Headbutt          |     8 |     9 ||    17
  Use: Potion            |       |     1 ||     1
Armor: Scale mail        |    31 |    18 ||    49
Dodge: Dodged            |    31 |    15 ||    46
Block: Buckler           |    18 |     4 ||    22

Table legend: (Time is in decaauts)
 A = Elapsed time spent in this place.
 B = Non-inter-level travel time spent in this place.
 C = Inter-level travel time spent in this place.
 D = Time resting spent in this place.
 E = Time spent auto-exploring this place.
 F = Levels seen in this place.
 G = Mean time per level.
                   A        B        C        D        E       F      G
               +--------+--------+--------+--------+--------+-----+--------+
         Total |   2518 |   2400 |    118 |    150 |   1886 |   4 |  629.5 |
       Dungeon |   2518 |   2400 |    118 |    150 |   1886 |   4 |  629.5 |
               +--------+--------+--------+--------+--------+-----+--------+

Top non-repeatable levels by time:
     D:3: 956 daAuts
     D:1: 875 daAuts
     D:2: 598 daAuts
     D:4: 87 daAuts
